 Dungeon Crawl Stone Soup version 0.31.0-11-ge490571c62 (webtiles) character file.

Game seed: 2724186694666881956

2818 Rassilon the Basher (level 9, -15/90 HPs)
             Began as a Gargoyle Fighter on Feb 4, 2024.
             Was a Priest of Zin.
             Demolished by a two-headed ogre
             ... wielding a +0 giant club
              (21 damage)
             ... on level 8 of the Dungeon.
             The game lasted 00:22:50 (6083 turns).

Rassilon the Basher (Gargoyle Fighter)              Turns: 6083, Time: 00:22:51

Health: -15/90     AC: 23    Str: 29    XL:     9   Next: 72%
Magic:  7/9        EV:  9    Int: 10    God:    Zin [***...]
Gold:   414        SH:  6    Dex: 16    Spells: 8/8 levels left

rFire   . . .        a - +0 flail
rCold   . . .        c - +0 buckler
rNeg    + . .        r - +0 chain mail
rPois   ∞            h - +1 helmet
rElec   +            E - +0 cloak
rCorr   .            (no gloves)
SInv    .            s - +1 pair of boots of the Kettle-Drum {Regen+ Str+4}
Will    +....        (no amulet) Stlth
                     b - +6 ring of dexterity
HPRegen 1.15/turn    C - ring of willpower
MPRegen 0.11/turn

%: no passive effects
@: mighty, berserking, vitalised, very quick
A: sickness immunity, AC +6, negative energy resistance 1, electricity
resistance, torment resistance 1, petrification resistance
a: Renounce Religion, Recite, Vitalisation, Imprison, Donate Gold


You were on level 8 of the Dungeon.
You worshipped Zin.
Zin was most pleased with you.
You visited 2 branches of the dungeon, and saw 9 of its levels.

You collected 460 gold pieces.
You donated 46 gold pieces to Zin.

Inventory:

Hand Weapons
 a - a +0 flail (weapon)
Missiles
 i - a throwing net
 o - 2 silver javelins (quivered)
 y - 2 boomerangs
 A - 6 curare-tipped darts
Armour
 c - a +0 buckler (worn)
 h - a +1 helmet (worn)
 r - a +0 chain mail (worn)
 s - the +1 pair of boots of the Kettle-Drum (worn) {Regen+ Str+4}
   (You found it on level 3 of the Dungeon)

   Str+4:     It affects your strength (+4).
   Regen+:    It increases your rate of health regeneration.
 E - a +0 cloak (worn)
Jewellery
 b - a +6 ring of dexterity (left hand)
 C - a ring of willpower (right hand)
 F - a ring of fire
Wands
 x - a wand of roots (7)
Scrolls
 f - 2 scrolls of immolation
 g - a scroll of fog
 j - a scroll of revelation {unknown}
 k - 7 scrolls of teleportation {unknown}
 l - a scroll of enchant armour {unknown}
 m - 3 scrolls of noise {unknown}
 n - a scroll of silence {unknown}
 p - a scroll of acquirement {unknown}
 v - 2 scrolls of poison {unknown}
 w - 3 scrolls of vulnerability {unknown}
 G - a scroll of torment {unknown}
Potions
 d - a potion of might
 e - a potion of berserk rage
 q - 2 potions of enlightenment
 t - a potion of ambrosia
 u - 2 potions of curing
 z - a potion of haste
 B - a potion of magic
 D - 2 potions of heal wounds {unknown}


   Skills:
 + Level 8.6 Fighting
 * Level 10.5 Maces & Flails
 + Level 8.6 Armour
 - Level 6.6 Shields


You had 8 spell levels left.
You didn't know any spells.
Your spell library contained the following spells:

 Spells                   Type           Power      Damage    Failure   Level
 Scorch                   Fire           0%         2d5       93%         2
 Flame Wave               Conj/Fire      0%         2d4       100%        4
 Summon Cactus Giant      Summ           0%         N/A       100%        6


Dungeon Overview and Level Annotations

Branches:
Dungeon (8/15)             Temple (1/1) D:4
   Lair: D:8-11

Altars:
Ashenzari
Cheibriados
Elyvilon
Fedhas
Gozag
Hepliaklqana
Kikubaaqudgha
Makhleb
Nemelex Xobeh
Okawaru
Qazlal
Trog
Uskayaw
Vehumet
Wu Jian
Xom
Yredelemnul
Zin

Shops:
D:5 :

Annotations:
D:3 1 runed translucent door, pigah's ghost, amateur FoHu


Innate Abilities, Weirdness & Mutations

You are immune to sickness and miasma.
Your stone body is resilient. (AC +6)
You are immune to poison.
You resist negative energy. (rN+)
You are resistant to electric shocks. (rElec)
You are resistant to unholy torment.
You are immune to petrification.


Message History

You thump the two-headed ogre!
The two-headed ogre is lightly wounded.
The two-headed ogre hits you with a +0 giant club!
The two-headed ogre closely misses you. The wight completely misses you.
You barely miss the two-headed ogre.
The two-headed ogre is lightly wounded.
You barely miss the two-headed ogre.
The two-headed ogre is lightly wounded.
The wight hits you but does no damage. The two-headed ogre barely misses you.
The two-headed ogre hits you with a +0 giant club!
You barely miss the two-headed ogre.
The two-headed ogre is lightly wounded.
The yak closely misses you. The wight barely misses you.
You barely miss the two-headed ogre.
The two-headed ogre is lightly wounded.
The yak closely misses you. You block the two-headed ogre's attack.
The two-headed ogre hits you with a +0 giant club.
You block the wight's attack. Zin grants you divine stamina.
The yak closely misses you. You block the wight's attack.
The yak closely misses you. The two-headed ogre barely misses you.
The two-headed ogre hits you with a +0 giant club! x2
* * * LOW HITPOINT WARNING * * *
The two-headed ogre closely misses you.
You hear a bellow!
Things that are here:
a +0 short sword; a +0 hand axe; a +0 scale mail A red film seems to cover your vision as you go berserk!
You feel yourself moving faster!
You feel mighty!
A yak comes into view.
The yak gores you.
* * * LOW HITPOINT WARNING * * *
You block the wight's attack.
The two-headed ogre hits you with a +0 giant spiked club.
* * * LOW HITPOINT WARNING * * *
The two-headed ogre barely misses you.
You hit the yak.
The yak is lightly wounded.
The two-headed ogre hits you with a +0 giant club!!
You die...

..
...##.#.................
. ####................
#..##....†.......
###......#.........
..#......###..)......
.......#..#..........
...#...)##.#..........
..##...#zO............
......##@Y#..#..#####.
.......##O#..#..#
####...#.Y......#
Foo.............#
.o####.)##.........
#..###........ #.Y#
##......# #O## ......#
.. .......


You could see 2 two-headed ogres, 2 yaks and a wight.

Vanquished Creatures
  A wyvern (D:8)
  A steam dragon (D:8)
  2 water moccasins (D:7)
  2 black bears
  An ogre (D:4)
  3 centaurs
  2 phantoms
  A bullfrog (D:8)
  4 scorpions
  10 wights
  3 killer bees (D:6)
  A howler monkey (D:7)
  2 bombardier beetles
  3 hounds
  3 orc priests
  2 iguanas
  3 gnolls (D:5)
  8 adders
  A white imp (D:8)
  2 ribbon worms
  3 dart slugs
  14 orcs
  8 bats
  5 endoplasms
  2 giant cockroaches
  19 goblins
  8 hobgoblins
  6 jackals (D:4)
  6 quokkas
  5 ball pythons
  6 frilled lizards
  8 kobolds
  6 rats
  A spectral hobgoblin (D:1)
152 creatures vanquished.

Notes
Turn   | Place    | Note
-------+----------+-------------------------------------------
     0 | D:1      | Rassilon the Gargoyle Fighter began the quest for the Orb.
     0 | D:1      | Reached XP level 1. HP: 14/14 MP: 1/1
    25 | D:1      | Reached XP level 2. HP: 19/19 MP: 2/2
   488 | D:1      | Reached XP level 3. HP: 12/23 MP: 3/3
   657 | D:1      | Found a faded altar of an unknown god.
   989 | D:2      | Reached skill level 3 in Maces & Flails
  1074 | D:2      | Reached XP level 4. HP: 24/29 MP: 4/4
  1238 | D:2      | Found a shimmering altar of Xom.
  1658 | D:3      | Found a runed translucent door.
  1717 | D:3      | Identified the +0 robe "Xoinlaef" {rN+}
  1750 | D:3      | Reached XP level 5. HP: 31/33 MP: 5/5
  1753 | D:3      | Reached skill level 4 in Maces & Flails
  1796 | D:3      | Identified the +1 pair of boots of the Kettle-Drum {Regen+
                  | Str+4}
  2420 | D:3      | Noticed pigah's ghost (amateur FoHu)
  2451 | D:3      | Reached skill level 8 in Maces & Flails
  2451 | D:3      | Reached XP level 6. HP: 44/44 MP: 6/6
  2479 | D:4      | You fall into a shaft and drop 3 floors!
  2484 | D:7      | Found a hazy altar of Hepliaklqana.
  2535 | D:6      | Reached XP level 7. HP: 48/48 MP: 7/7
  2592 | D:5      | Entered Level 5 of the Dungeon
  2622 | D:5      | Reached skill level 9 in Maces & Flails
  2650 | D:5      | Found a snail-covered altar of Cheibriados.
  2812 | D:5      | Found Ysuifeh's Tremendous Tomes.
  3183 | D:4      | Found a staircase to the Ecumenical Temple.
  3195 | Temple   | Entered the Ecumenical Temple
  3510 | Temple   | Became a worshipper of Zin the Law-Giver
  3510 | Temple   | Reached * piety under Zin
  4082 | D:5      | Reached XP level 8. HP: 54/54 MP: 8/8
  4091 | D:5      | Reached ** piety under Zin
  4877 | D:6      | Found a stormy altar of Qazlal.
  5317 | D:7      | Reached XP level 9. HP: 55/59 MP: 9/9
  5343 | D:7      | Reached skill level 10 in Maces & Flails
  5414 | D:7      | Reached *** piety under Zin
  5904 | D:8      | Noticed a two-headed ogre
  6069 | D:8      | Noticed a two-headed ogre
  6083 | D:8      | Demolished by a two-headed ogre

Illustrated notes

Levels and vault maps discovered:
D:1:      minmay_arrival_diagonal_passages, layout_loops_ring,
          dreamdust_ecumenical_altar_drowned_temple
D:2:      layout_basic, basic_altar, minmay_indecisive_spiral
D:3:      layout_loops_corners, ebering_ghost_inner_flame, serial_bayou,
          serial_bayou_pond_b, serial_bayou_ford_a, serial_bayou_pond_e,
          serial_bayou_lake_a
D:4:      kennysheep_the_goblin_king, layout_gridville,
          minmay_temple_entry_trees, serial_co_window_serial,
          co_window_of_opportunity_a, co_window_paths_b, co_window_paths_a,
          co_window_cross_1, co_window_of_opportunity_a, co_window_paths_c,
          co_window_broadway_c, co_window_unsneaky_path_c, co_window_broadway_b,
          co_window_2corner, glass_columns_a, glass_columns_b, glass_columns_b,
          glass_columns_a, minmay_gold_behind_fungi, serial_park_tiny_2,
          minmay_between
D:5:      layout_cave_pods, slow_altar_1, nicolae_shop_i_like_big_books
D:6:      layout_cave_pools, nicolae_qazlal_general_emergency
D:7:      layout_cave_pods, nicolae_hepliaklqana_hippocampus
D:8:      layout_cave_pools, nicolae_dithmenos_through_a_glass_darkly,
          minmay_ruined_shrine
Temple:   bh_familiar_temple

Skill      XL: |  1  2  3  4  5  6  7  8  9 |
---------------+----------------------------+-----
Maces & Flails | 3 8 9 10 | 10.5
Fighting       | 4 7 8 |  8.6
Armour         | 4 7 8 |  8.6
Shields        | 6 |  6.6

Action                     |  1- 3 |  4- 6 |  7- 9 || total
---------------------------+-------+-------+-------++-------
  Melee: Flail             |   139 |   161 |   367 ||   667
  Throw: Javelin           |       |     2 |     2 ||     4
 Invoke: Vitalisation      |       |       |     1 ||     1
    Use: Scroll            |       |     5 |     3 ||     8
         Potion            |       |     1 |     2 ||     3
 Armour: Scale mail        |   101 |    55 |       ||   156
         Chain mail        |       |    79 |   334 ||   413
  Dodge: Dodged            |    71 |    81 |   168 ||   320
  Block: Buckler           |    25 |    34 |   123 ||   182
